Map: Overgrowth LE (Void)

Players

Fropez - Winner!

  • Race: Protoss Protoss
  • League: Gold
  • Spawn Location: 7:00

Rieken

  • Race: Protoss Protoss
  • League: Platinum
  • Spawn Location: 1:00

VOD

Have the link to the VOD?

Description

Time

  • Played on: Jan. 18, 2017, 6:58 p.m.
  • Length: 8:13
Show
View Real Time Build Order
Export as new Build Order

Fropez Protoss - Winner!

Build Orders: 1 Gate Expand 

Get SALT Encoding   

  12  0:01  Probe (Chrono Boost)  
  13  0:11  Probe (Chrono Boost)  
  14  0:20  Pylon  
  14  0:22  Probe (Chrono Boost)  
  15  0:29  Assimilator  
  15  0:38  Probe (Chrono Boost)  
  16  0:44  Gateway  
  16  0:50  Gateway  
  16  0:55  Probe (Chrono Boost)  
  17  1:05  Probe (Chrono Boost)  
  18  1:16  Probe (Chrono Boost)  
  19  1:21  Pylon  
  19  1:36  Nexus  
  19  1:41  Pylon  
  19  1:43  Probe (Chrono Boost)  
  20  1:54  Cybernetics Core  
  20  2:01  Pylon  
  20  2:02  Assimilator  
  20  2:04  Probe (Chrono Boost)  
  21  2:14  Probe (Chrono Boost)  
  22  2:22  Warp Gate  
  22  2:34  Adept  
  21  2:41  Probe (Chrono Boost)  
  24  2:47  Gateway  
  24  2:48  Assimilator  
  24  2:50  Mothership Core (Chrono Boost)  
  26  2:53  Probe (Chrono Boost)  
  26  2:57  Adept  
  27  3:02  Pylon  
  27  3:05  Probe (Chrono Boost)  
  30  3:10  Probe (Chrono Boost)  
  31  3:17  Probe (Chrono Boost)  
  32  3:22  Twilight Council  
  32  3:26  Probe (Chrono Boost)  
  33  3:36  Robotics Facility  
  33  3:37  Adept  
  33  3:39  Adept  
  35  3:47  Probe (Chrono Boost)  
  37  3:49  Probe (Chrono Boost)  
  37  3:58  Resonating Glaives  
  37  3:59  Probe (Chrono Boost)  
  37  4:01  Probe (Chrono Boost)  
  39  4:08  Pylon  
  40  4:11  Probe (Chrono Boost)  
  40  4:13  Probe (Chrono Boost)  
  41  4:22  Warp Prism  
  41  4:23  Probe (Chrono Boost)  
  45  4:25  Probe (Chrono Boost)  
  45  4:36  Adept  
  45  4:37  Adept  
  49  4:44  Probe x2 (Chrono Boost)  
  51  4:48  Assimilator  
  51  4:56  Probe (Chrono Boost)  
  51  4:57  Pylon  
  52  5:00  Dark Shrine  
  52  5:05  Pylon, Probe (Chrono Boost)  
  54  5:08  Observer, Probe (Chrono Boost)  
  55  5:20  Pylon  
  55  5:26  Gateway  
  55  5:33  Gateway  
  55  5:39  Adept x2  
  55  5:41  Observer  
  60  5:59  Gateway  
  60  6:05  Adept x2  
  61  6:19  Nexus  
  61  6:22  Pylon  
  51  6:28  Dark Templar x2  
  55  6:46  Observer  
  50  6:59  Dark Templar x3  
  56  7:27  Adept x2  
  62  7:31  Probe x3 (Chrono Boost)  
  62  7:33  Stalker x3  
  69  7:42  Forge  
  69  7:43  Probe (Chrono Boost)  
  70  7:44  Forge  
  70  7:45  Pylon  
  70  7:47  Probe (Chrono Boost)  
  70  7:48  Probe (Chrono Boost)  
  72  8:10  Stalker x5  
  82  8:13  Assimilator  
Show
View Real Time Build Order
Export as new Build Order

Rieken Protoss 

Build Orders: Nexus First 

Get SALT Encoding   

  12  0:19  Probe (Chrono Boost)  
  12  0:20  Pylon  
  13  0:35  Probe (Chrono Boost)  
  14  0:56  Nexus  
  14  1:02  Probe (Chrono Boost)  
  15  1:06  Assimilator  
  15  1:14  Probe (Chrono Boost)  
  16  1:24  Gateway  
  16  1:37  Probe (Chrono Boost)  
  17  1:47  Probe (Chrono Boost)  
  18  1:55  Forge  
  18  2:03  Pylon  
  18  2:05  Probe (Chrono Boost)  
  19  2:10  Probe (Chrono Boost)  
  21  2:15  Probe (Chrono Boost)  
  21  2:16  Pylon  
  21  2:21  Probe (Chrono Boost)  
  21  2:22  Zealot  
  24  2:27  Probe (Chrono Boost)  
  24  2:49  Photon Cannon  
  24  2:53  Pylon  
  25  2:58  Probe (Chrono Boost)  
  25  2:59  Cybernetics Core  
  25  3:01  Probe (Chrono Boost)  
  26  3:09  Probe (Chrono Boost)  
  26  3:11  Probe (Chrono Boost)  
  28  3:28  Photon Cannon  
  30  3:34  Zealot  
  30  3:39  Mothership Core (Chrono Boost)  
  32  3:48  Assimilator  
  32  3:52  Stargate  
  32  4:01  Protoss Air Weapons Level 1  
  32  4:03  Photon Cannon  
  32  4:04  Photon Cannon  
  32  4:08  Assimilator  
  32  4:09  Probe x2 (Chrono Boost)  
  34  4:13  Assimilator  
  34  4:22  Probe (Chrono Boost)  
  34  4:24  Probe (Chrono Boost)  
  34  4:44  Photon Cannon  
  34  4:46  Pylon  
  34  4:49  Void Ray  
  38  5:06  Stargate  
  38  5:09  Pylon  
  38  5:19  Probe x2 (Chrono Boost)  
  40  5:31  Probe x2 (Chrono Boost)  
  42  5:43  Adept  
  42  5:48  Protoss Shields Level 1  
  44  5:55  Void Ray  
  44  5:58  Pylon  
  44  6:01  Pylon  
  48  6:10  Adept  
  42  6:37  Adept  
  34  6:57  Photon Cannon  
  34  7:01  Pylon  
  34  7:04  Adept  
  34  7:06  Photon Cannon  
  36  7:10  Photon Cannon  
  32  7:26  Probe (Chrono Boost)  
  29  7:39  Probe (Chrono Boost)  
  29  7:40  Pylon  
  24  7:44  Pylon  
  24  7:51  Probe (Chrono Boost)  
  24  8:03  Cybernetics Core  
  24  8:11  Pylon  
Tags
 
Add a new tag
Caveats
  • Supply blocks, unpowered buildings, or Contaminate may cause inaccurate times.
  • Supply counts are checked every 10 seconds.